 Dungeon Sprint DCSS version 0.31-a0-435-g2c6fae2916 (webtiles) character file.

Game seed: 5858781332808056044

324 rocky1 the Grappler (level 6, -3/39 HPs)
             Began as an Octopode Shapeshifter on Aug 2, 2023.
             Was an Initiate of Gozag.
             Slain by a gnoll
             ... wielding a +0 spear
             ... led by a gnoll bouda
              (9 damage)
             ... in the Dungeon (Sprint VII: "The Pits").
             The game lasted 00:01:59 (597 turns).

rocky1 the Grappler (Octopode Shapeshifter)          Turns: 597, Time: 00:02:00

Health: -3/39      AC:  1    Str: 14    XL:     6   Next: 48%
Magic:  6/6        EV: 14    Int: 13    God:    Gozag
Gold:   486        SH:  0    Dex: 12    Spells: 5/5 levels left

rFire   . .          .
                       - Unarmed
rCold   . . .        (no shield)
rNeg    . . .        (helmet currently unavailable)
rPois   .            (no amulet)
rElec   .            (no ring)
rCorr   .            (no ring)
SInv    .            (no ring)
Will    .....        (no ring)
Stlth   +++          (no ring)
HPRegen 0.26/turn    (no ring)
MPRegen 0.10/turn    (no ring)
                     (no ring)

%: no teleportation
@: beast-form, weakened
A: beast (slay +5), almost no armour, amphibious, 8 rings, camouflage 1,
gelatinous body 1, (nimble swimmer 1), tentacles
a: Begin Untransformation, Renounce Religion, Potion Petition, Call Merchant,
Bribe Branch


You were in the Dungeon.
You worshipped Gozag.
Gozag was aware of your devotion.
You were a hulking beast.
You visited 1 branch You collected 486 gold pieces.

Inventory:

Talismans
 b - a beast talisman (active)
Scrolls
 j - 5 scrolls of amnesia
 k - a scroll of summoning
Potions
 a - a potion of lignification
 c - 4 potions of curing
 d - 5 potions of heal wounds
 e - a potion of haste
 f - 4 potions of magic
 g - 3 potions of berserk rage
 i - 2 potions of invisibility


   Skills:
 + Level 2.2 Fighting
 + Level 5.4 Dodging
 + Level 3.3 Stealth
 + Level 8.6 Unarmed Combat
 + Level 7.8 Shapeshifting


You had 5 spell levels left.
You didn't know any spells.
Your spell library was empty.

Dungeon Overview and Level Annotations

Branches:
Dungeon (1/1)

Altars:
Ashenzari
Cheibriados
Dithmenos
Elyvilon
Fedhas
Gozag
Hepliaklqana
Kikubaaqudgha
Makhleb
Nemelex Xobeh
Okawaru
Qazlal
Ru
Sif Muna
Trog
Uskayaw
Vehumet
Wu Jian
Xom
Yredelemnul
Zin
The Shining One
Jiyva
Lugonu

Annotations:
D Menkaure


Innate Abilities, Weirdness & Mutations

You are a hulking beast.
Your limbs bulge with bestial killing power. (Slay +5)
You cannot wear most types of armour.
You are amphibious.
You can wear up to eight rings at the same time.
Your skin changes colour to match your surroundings (Stealth+).
Your rubbery body absorbs attacks. (AC +1, EV +1)
((You are camouflaged when in or above water. (Stealth+)))
You have tentacles for arms and can constrict up to eight enemies at once.


Message History

You have reached level 6!
You feel better.
The kobold brigand hits you with a +0 dagger!
You bludgeon the kobold brigand! You grab the kobold brigand.
You tentacle-slap the kobold brigand.
The kobold brigand is severely wounded.
You constrict the kobold brigand, but do no damage.
The gnoll bouda gazes fiercely through you!
You feel your attacks grow feeble.
The kobold brigand hits you with a +0 dagger!
You bludgeon the kobold brigand!
The kobold brigand is almost dead.
You constrict the kobold brigand.
You kill the kobold brigand!
The gnoll bouda gazes fiercely through you!
You feel as though you will be weak longer.
Your Fighting skill increases to level 2!
Your Stealth skill increases to level 3!
You tentacle-slap the gnoll bouda but do no damage.
Your grab misses the gnoll bouda. You tentacle-slap the gnoll bouda.
The gnoll bouda is moderately wounded.
The gnoll bouda barks out a call to the hunt!
The gnoll picks up the pace!
You tentacle-slap the gnoll bouda. Your grab misses the gnoll bouda.
You squeeze the gnoll bouda.
The gnoll bouda is heavily wounded.
The gnoll hits you from afar with a +0 spear.
You tentacle-slap the gnoll bouda but do no damage.
Your grab misses the gnoll bouda.
Your tentacle-slap misses the gnoll bouda.
The gnoll bouda is heavily wounded.
The gnoll bouda hits you with a +0 club.
* * * LOW HITPOINT WARNING * * *
You bludgeon the gnoll bouda! You grab the gnoll bouda.
You squeeze the gnoll bouda, but do no damage.
The gnoll bouda is almost dead.
You constrict the gnoll bouda, but do no damage.
The gnoll hits you from afar with a +0 spear!
You die...
Your body crumbles into a pile of gold.

############
#_________.#
#_________.#
#_______...#########
##########'##.......
#.?(.')))'.##......#
##########.##.......
#.gh........'.......
#g#####)#####......#
#.#.)#..#[[##.......
#.#..'..#))#####'###
#r#..####))##.......
#S#..#..#))##.......
#.#..#..#..##.......
#.##'#..#'###...<...
#.#........##.......


You could see a gnoll bouda and a gnoll (swift).

Vanquished Creatures
  A water moccasin (D)
  A kobold brigand (D)
  2 scorpions (D)
  2 gnolls (D)
  An ufetubus (D)
  A giant cockroach (D)
  A goblin (D)
  2 hobgoblins (D)
  4 jackals (D)
  A quokka (D)
  A bat (D)
17 creatures vanquished.

Notes
Turn   | Place    | Note
-------+----------+-------------------------------------------
     0 | D        | rocky1 the Octopode Shapeshifter began the quest for the
                  | Orb.
     0 | D        | Reached XP level 1. HP: 13/13 MP: 1/1
   153 | D        | Found a bloodstained altar of Trog.
   153 | D        | Found a shimmering blue altar of Sif Muna.
   153 | D        | Found a viscous altar of Jiyva.
   153 | D        | Found a hazy altar of Hepliaklqana.
   153 | D        | Found an opulent altar of Gozag.
   157 | D        | Found a glowing golden altar of the Shining One.
   157 | D        | Found a glowing silver altar of Zin.
   157 | D        | Found a basalt altar of Yredelemnul.
   157 | D        | Found a shimmering altar of Xom.
   157 | D        | Found an ornate altar of the Wu Jian Council.
   157 | D        | Found a sacrificial altar of Ru.
   157 | D        | Found a stormy altar of Qazlal.
   157 | D        | Found an iron altar of Okawaru.
   157 | D        | Found a sparkling altar of Nemelex Xobeh.
   157 | D        | Found a burning altar of Makhleb.
   157 | D        | Found a blossoming altar of Fedhas.
   157 | D        | Found a white marble altar of Elyvilon.
   157 | D        | Found a shadowy altar of Dithmenos.
   157 | D        | Found a snail-covered altar of Cheibriados.
   160 | D        | Found a corrupted altar of Lugonu.
   160 | D        | Found a radiant altar of Vehumet.
   161 | D        | Found an ancient bone altar of Kikubaaqudgha.
   161 | D        | Found a hide-covered altar of Uskayaw.
   161 | D        | Found a broken altar of Ashenzari.
   164 | D        | Became a worshipper of Gozag Ym Sagoz the Greedy
   203 | D        | Reached XP level 2. HP: 18/18 MP: 2/2
   205 | D        | Reached skill level 4 in Unarmed Combat
   302 | D        | Reached XP level 3. HP: 19/23 MP: 3/3
   431 | D        | Noticed a scorpion
   443 | D        | Killed a scorpion
   444 | D        | Reached skill level 1 in Stealth
   444 | D        | Reached skill level 5 in Unarmed Combat
   444 | D        | Reached skill level 5 in Shapeshifting
   444 | D        | Reached XP level 4. HP: 12/28 MP: 4/4
   448 | D        | Noticed a scorpion
   519 | D        | Killed a scorpion
   520 | D        | Reached skill level 6 in Unarmed Combat
   520 | D        | Reached XP level 5. HP: 29/33 MP: 5/5
   570 | D        | Noticed a water moccasin
   571 | D        | Noticed a kobold brigand
   573 | D        | Noticed Menkaure
   590 | D        | Killed a water moccasin
   591 | D        | Reached skill level 5 in Dodging
   591 | D        | Reached skill level 8 in Unarmed Combat
   591 | D        | Reached XP level 6. HP: 23/39 MP: 6/6
   597 | D        | Slain by a gnoll

Illustrated notes

Levels and vault maps discovered:
D:        pitsprint [storerooms_1, entrance_room_1, metal_vault_1, armoury_3,
          mini_pit_1, grid_room_1, main_hall_1, silver_pit, the_coven_1,
          the_vestibule_1, steel_vault_2, golden_pit, hallway_of_sentries,
          crystal_vault_2, iron_vault_4, final_vault]

Skill      XL: |  1  2  3  4  5  6 |
---------------+-------------------+-----
Unarmed Combat | 4 5 6 8 |  8.6
Dodging        | 3 4 5 |  5.4
Shapeshifting  | 4 5 6 7 |  7.8
Stealth        | 1 2 3 |  3.3
Fighting       | 2 |  2.2

Action                     |  1- 3 |  4- 6 || total
---------------------------+-------+-------++-------
  Melee: Unarmed           |    31 |    21 ||    52
         Constrict         |     8 |     8 ||    16
         Tentacles         |     7 |     4 ||    11
         Punch             |     2 |     4 ||     6
    Use: Potion            |       |     3 ||     3
         Scroll            |       |     1 ||     1
 Armour: Skin              |     2 |       ||     2
  Dodge: Dodged            |    25 |    13 ||    38

Table legend: (Time is in decaauts)
 A = Elapsed time spent in this place.
 B = Non-inter-level travel time spent in this place.
 C = Inter-level travel time spent in this place.
 D = Time resting spent in this place.
 E = Time spent auto-exploring this place.
 F = Levels seen in this place.
 G = Mean time per level.
                   A        B        C        D        E       F      G
               +--------+--------+--------+--------+--------+-----+--------+
         Total |    592 |    574 |     18 |    382 |      0 |   1 |  592.0 |
       Dungeon |    592 |    574 |     18 |    382 |      0 |   1 |  592.0 |
               +--------+--------+--------+--------+--------+-----+--------+

Top non-repeatable levels by time:
       D: 592 daAuts
